 Dungeon Crawl Stone Soup version 0.28-a0-983-g1de4e0787c (webtiles) character file.

Game seed: 6869463805867497878

2676 Strat the Protected (level 9, 0/57 HPs)
             Began as a Tengu Brigand on Dec 2, 2021.
             Was a Follower of Dithmenos.
             Succumbed to a water moccasin's poison
             ... on level 7 of the Dungeon.
             The game lasted 00:17:52 (8073 turns).

Strat the Protected (Tengu Brigand)                 Turns: 8073, Time: 00:17:53

Health: 0/57       AC: 11    Str: 16    XL:     9   Next: 64%
Magic:  10/10      EV: 15    Int: 12    God:    Dithmenos [*.....]
Gold:   428        SH:  0    Dex: 15    Spells: 8/8 levels left

rFire   . . .      SeeInvis +   a - +3 dagger (speed)
rCold   . . .      Faith    .   h - +0 buckler
rNeg    . . .      Spirit   .   p - +0 scale mail
rPois   .          Reflect  .   (helmet restricted)
rElec   .          Harm     .   c - +1 cloak
rCorr   .          Rampage  .   (no gloves)
Will    .....                   (boots unavailable)
Stlth   ..........              (no amulet)
HPRegen 0.19/turn               m - ring of see invisible
MPRegen 0.12/turn               r - +4 ring of evasion

@: confused, lethally poisoned (0 -> -12), on berserk cooldown, flying quickly
and evasively, slowed, wreathed by umbra, studying Armour, very slow
A: beak, talons 3, nimble flight
a: Renounce Religion


You were on level 7 of the Dungeon.
You worshipped Dithmenos.
Dithmenos was aware of your devotion.
You visited 2 branches of the dungeon, and saw 8 of its levels.

You collected 428 gold pieces.

Inventory:

Hand Weapons
 a - a +3 dagger of speed (weapon)
 b - a +2 dagger of venom
 C - a +0 scimitar
Missiles
 d - 53 poisoned darts (quivered)
 e - 2 curare-tipped darts
 f - 169 stones
Armour
 c - a +1 cloak (worn)
 h - a +0 buckler (worn)
 p - a +0 scale mail (worn)
Jewellery
 j - an amulet of faith
 m - a ring of see invisible (left hand)
 r - a +4 ring of evasion (right hand)
Scrolls
 k - 3 scrolls of teleportation
 l - a scroll of identify
 o - a scroll of holy word
 u - a scroll of magic mapping
 B - a scroll of fog
Potions
 q - 3 potions of cancellation
 z - 2 potions of attraction
Miscellaneous
 s - a piece from Xom's chessboard (15/15)


   Skills:
 + Level 7.3 Fighting
 + Level 9.0 Short Blades
 - Level 2.0 Throwing
 + Level 11.1 Armour
 - Level 1.1 Dodging
 - Level 4.0 Stealth


You had 8 spell levels left.
You didn't know any spells.
Your spell library contained the following spells:

 Spells                   Type           Power      Damage    Failure   Level
 Call Canine Familiar     Summ           0%         N/A       99%         3
 Portal Projectile        Hex/Tloc       0%         N/A       99%         3
 Animate Dead             Necr           0%         N/A       100%        4
 Leda's Liquefaction      Hex/Erth       0%         N/A       100%        4
 Blade Hands              Tmut           0%         N/A       100%        5
 Borgnjor's Vile Clutch   Necr/Erth      0%         N/A       100%        5
 Excruciating Wounds      Necr           0%         N/A       100%        5
 Death Channel            Necr           0%         N/A       100%        6


Dungeon Overview and Level Annotations

Branches:
Dungeon (7/15)             Temple (1/1) D:6

Altars:
Ashenzari
Dithmenos
Elyvilon
Fedhas
Gozag
Hepliaklqana
Kikubaaqudgha
Makhleb
Okawaru
Qazlal
Ru
Sif Muna
Trog
Uskayaw
Vehumet
Wu Jian
Xom
Yredelemnul

Shops:
D:3 *   D:6 ?


Innate Abilities, Weirdness & Mutations

You have a beak for a mouth.
You have claws for feet.
Your magical nature lets you fly swiftly and evasively.


Message History

You're too confused to move!
The steam dragon breathes steam at you. The ball of steam hits you!
* * * LOW HITPOINT WARNING * * *
The water moccasin bites you but does no damage.
The orc wizard completely misses you.
You hear a loud, deep croak!
You feel a strong urge to attack something.
The steam dragon barely misses you. The steam dragon claws you.
* * * LOW HITPOINT WARNING * * *
You see here a necrophage corpse.
You miss the steam dragon. Your kick misses the steam dragon.
You peck the steam dragon.
The steam dragon is lightly wounded.
You are engulfed in a cloud of scalding steam.
The water moccasin closely misses you.
You bump into the rock wall.
You feel a strong urge to attack something.
You are engulfed in a cloud of scalding steam.
* * * LOW HITPOINT WARNING * * *
You feel less confused.
You are no longer berserk.
You are exhausted.
You feel yourself slow down. The water moccasin bites you.
* * * LOW HITPOINT WARNING * * *
You are lethally poisoned!
The water moccasin poisons you!
The orc wizard gestures at you while chanting.
You easily resist.
* * * LOW HITPOINT WARNING * * *
You feel very sick. The steam dragon closely misses you.
The steam dragon claws you but does no damage.
The orc wizard points at you and mumbles some strange words.
You are confused.
The water moccasin is engulfed in a cloud of scalding steam.
The water moccasin closely misses you. The steam dragon misses you.
The steam dragon claws you.
* * * LOW HITPOINT WARNING * * *
It was a potion of magic.
Magic courses through your body.
You die...

#.............8........
#....>.##.....8.....###
#...................#
#####..#..8888.888.##
###### #..##.8888.888.#
#..... #..##..........#
#..... #..#############
#..... #..#
#.....####D@#
#.........oS#
#......)..o###.
...........Z.....
............Z#...
........!.....#...
.........##..#.#..
.............##.##
..........#...#:#


You could see a steam dragon, a water moccasin, an orc priest, an orc wizard
(invisible) and a howler monkey zombie.

Vanquished Creatures
  A shadow (D:7)
  Eustachio (D:5)
  Menkaure (D:7)
  2 water moccasins (D:6)
  An orc warrior (D:5)
  3 black bears
  A hornet zombie (D:7)
  A necrophage (D:7)
  An ogre (D:4)
  A phantom (D:6)
  2 bullfrogs (D:7)
  4 scorpions
  A wyvern skeleton (D:6)
  A water moccasin skeleton (D:6)
  4 wights (D:6)
  A howler monkey (D:5)
  5 hounds
  A bullfrog skeleton (D:6)
  An orc priest (D:7)
  Natasha (D:1)
  Terence (D:2)
  2 iguanas (D:7)
  Ijyb (D:4)
  3 orc wizards
  A hound zombie (D:5)
  A hound skeleton (D:5)
  A howler monkey zombie (D:5)
  Robin (D:4)
  10 adders
  A shadow imp (D:6)
  A white imp (D:6)
  2 worms
  2 dart slugs
  11 orcs
  2 bats
  9 endoplasms
  2 giant cockroaches (D:1)
  16 goblins
  7 hobgoblins
  5 jackals (D:1)
  11 kobolds
  3 quokkas
  10 ball pythons
  4 frilled lizards
  6 rats
147 creatures vanquished.

Vanquished Creatures (others)
  A fungus (D:1)
1 creature vanquished.

Grand Total: 148 creatures vanquished

Notes
Turn   | Place    | Note
-------+----------+-------------------------------------------
     0 | D:1      | Strat the Tengu Brigand began the quest for the Orb.
     0 | D:1      | Reached XP level 1. HP: 12/12 MP: 2/2
   117 | D:1      | Reached XP level 2. HP: 17/18 MP: 3/3
   327 | D:1      | Reached XP level 3. HP: 20/22 MP: 4/4
   351 | D:1      | Found a faded altar of an unknown god.
   987 | D:2      | Noticed Terence
  1002 | D:2      | Killed Terence
  1003 | D:2      | Reached XP level 4. HP: 21/28 MP: 5/5
  1197 | D:2      | Noticed Natasha
  1209 | D:1      | Killed Natasha
  1637 | D:2      | Gained mutation: Your magical nature lets you fly swiftly
                  | and evasively. [Tengu growth]
  1637 | D:2      | Reached XP level 5. HP: 16/33 MP: 6/6
  2093 | D:3      | Found a basalt altar of Yredelemnul.
  2600 | D:3      | Reached skill level 5 in Short Blades
  2634 | D:3      | Found Geiva's Assorted Antiques.
  2638 | D:3      | Identified a scroll of acquirement
  2638 | D:3      | Acquired a manual of Armour
  2917 | D:4      | Noticed an ogre
  3023 | D:4      | Reached skill level 2 in Armour
  3023 | D:4      | Reached XP level 6. HP: 24/38 MP: 7/7
  3024 | D:4      | Noticed Robin
  3028 | D:4      | Killed Robin
  3371 | D:4      | Noticed Ijyb
  3404 | D:4      | Paralysed by Ijyb for 4 turns
  3417 | D:4      | Killed Ijyb
  3418 | D:4      | Reached skill level 3 in Armour
  3678 | D:4      | Noticed a black bear
  3725 | D:4      | Reached skill level 4 in Armour
  3781 | D:4      | Reached XP level 7. HP: 41/43 MP: 8/8
  3897 | D:4      | Reached skill level 6 in Armour
  4048 | D:5      | Entered Level 5 of the Dungeon
  4432 | D:5      | Found a hazy altar of Hepliaklqana.
  4433 | D:5      | Noticed Eustachio
  4433 | D:5      | Noticed a two-headed ogre
  4881 | D:5      | Reached skill level 7 in Armour
  4907 | D:5      | Reached XP level 8. HP: 12/48 MP: 9/9
  5400 | D:5      | Killed Eustachio
  5401 | D:5      | Reached skill level 5 in Fighting
  5659 | D:5      | Found a sacrificial altar of Ru.
  5664 | D:5      | Found a white marble altar of Elyvilon.
  5668 | D:5      | Found a burning altar of Makhleb.
  5787 | D:6      | Found a staircase to the Ecumenical Temple.
  5807 | Temple   | Entered the Ecumenical Temple
  5889 | Temple   | Became a worshipper of Dithmenos the Shadowed
  5929 | D:6      | Reached skill level 8 in Armour
  5997 | D:6      | Identified the +0 great mace "Yfuops" {holy, rPois rC+
                  | Will+}
  6332 | D:6      | Found Sacrid's Magic Scroll Shoppe.
  6348 | D:6      | Reached skill level 9 in Armour
  6854 | D:6      | Reached XP level 9. HP: 44/55 MP: 10/10
  7057 | D:6      | Reached skill level 10 in Armour
  7679 | D:7      | Found a radiant altar of Vehumet.
  7830 | D:7      | Noticed Menkaure
  7845 | D:7      | Killed Menkaure
  7866 | D:7      | Reached * piety under Dithmenos
  7952 | D:7      | Reached skill level 11 in Armour
  8073 | D:7      | Succumbed to a water moccasin's poison

Illustrated notes

Levels and vault maps discovered:
D:1:      dpeg_arrival_rhombi, layout_rooms,
          shapermc_ecumenical_altar_mp_ritualfount, hangedman_decor_points
D:2:      layout_rooms, grunt_ministairs_13, uniq_terence, uniq_natasha
D:3:      layout_loops_cross, yredelemnul_altar_generic, serial_shops, shop
D:4:      layout_basic, uniq_ijyb, uniq_robin
D:5:      layout_loops_ring, mainiacjoe_overflow_concentric_impassable,
          minmay_overflow_temple_star_quad, uniq_eustachio
D:6:      layout_basic, temple_fountains, serial_shops, shop_scrolls,
          kennysheep_doodads
D:7:      layout_basic, mainiacjoe_overflow_catwalk, hellmonk_bongcloud_opening,
          minmay_manual_mess, uniq_menkaure, uniq_crazy_yiuf_cottage
Temple:   nicolae_temple_x_marks_the_god

Skill      XL: |  1  2  3  4  5  6  7  8  9 |
---------------+----------------------------+-----
Short Blades   | 3 4 5 6 7 9 |  9.0
Fighting       | 3 4 6 7 |  7.3
Armour         | 2 4 7 9 11 | 11.1
Throwing       | |  2.0
Dodging        | |  1.1
Stealth        | |  4.0

Action                   |  1- 3 |  4- 6 |  7- 9 || total
-------------------------+-------+-------+-------++-------
Melee: Dagger            |    76 |   192 |   320 ||   588
       Kick              |    18 |    63 |   107 ||   188
       Peck              |    12 |    31 |    71 ||   114
Throw: Dart              |     3 |       |    25 ||    28
Evoke: Wand              |       |     2 |     3 ||     5
  Use: Scroll            |       |     8 |    11 ||    19
       Potion            |       |     1 |     6 ||     7
 Stab: Sleeping          |     4 |       |       ||     4
       Paralysed         |       |     1 |     1 ||     2
Armor: Robe              |     5 |       |       ||     5
       Ring mail         |    14 |     2 |       ||    16
       Leather armour    |     1 |       |       ||     1
       Scale mail        |       |    58 |    85 ||   143
Dodge: Dodged            |    38 |    55 |   109 ||   202
Block: Buckler           |    16 |    26 |    28 ||    70

Table legend: (Time is in decaauts)
 A = Elapsed time spent in this place.
 B = Non-inter-level travel time spent in this place.
 C = Inter-level travel time spent in this place.
 D = Time resting spent in this place.
 E = Time spent auto-exploring this place.
 F = Levels seen in this place.
 G = Mean time per level.
                   A        B        C        D        E       F      G
               +--------+--------+--------+--------+--------+-----+--------+
         Total |   7518 |   7209 |    309 |   1545 |   3745 |   8 |  939.8 |
       Dungeon |   7434 |   7134 |    300 |   1545 |   3745 |   7 | 1062.0 |
        Temple |     83 |     75 |      8 |      0 |      0 |   1 |   83.0 |
               +--------+--------+--------+--------+--------+-----+--------+

Top non-repeatable levels by time:
     D:5: 1509 daAuts
     D:6: 1477 daAuts
     D:1: 1152 daAuts
     D:4: 931 daAuts
     D:2: 916 daAuts
     D:3: 909 daAuts
     D:7: 537 daAuts
  Temple: 83 daAuts
